 Dungeon Sprint DCSS version 0.19.3-4-gbf9329e (webtiles) character file.

632 Kagutsuchi the Fighter (level 7, -6/72 HPs)
             Began as a Yellow Draconian Berserker on Jan 27, 2017.
             Was a Priest of Trog.
             Mangled by a tyrant leech (27 damage)
             ... in the Dungeon (Sprint II: "The Violet Keep of Menkaure").
             The game lasted 00:01:40 (388 turns).

Kagutsuchi the Fighter (Yellow Draconian Berserker)  Turns: 388, Time: 00:01:41

Health: -6/72      AC:  6    Str: 19    XL:     7   Next: 24%
Magic:  7/7        EV: 17    Int:  7    God:    Trog [***...]
Gold:   486        SH:  0    Dex: 13    Spells: 0 memorised, 6 levels left

rFire  . . .     SeeInvis .     a - +0 falchion
rCold  . . .     Gourm    .     (armour unavailable)
rNeg   . . .     Faith    .     (no shield)
rPois  .         Spirit   .     (helmet restricted)
rElec  .         Reflect  .     (no cloak)
rCorr  +         Harm     .     (no gloves)
MR     .....     NoTele   +     (no boots)
Stlth  +.........               (no amulet)
                                (no ring)
                                (no ring)

@: exhausted, slowed, very slow
A: spit acid, acid resistance, unfitting armour, cold-blooded, AC +6
a: Spit Acid, Berserk, Trog's Hand, Burn Spellbooks, Renounce Religion


You were in the Dungeon.
You worshipped Trog.
Trog was most pleased with you.
You were not hungry.

You visited 1 branch You collected 486 gold pieces.

Inventory:

Hand Weapons
 a - a +0 falchion (weapon)
Scrolls
 h - a scroll of blinking
Potions
 e - a potion of haste
 f - 2 potions of magic
 g - a potion of berserk rage
Comestibles
 b - a bread ration


   Skills:
 + Level 10.1 Fighting
 + Level 9.8 Long Blades
 + Level 9.0 Dodging
 + Level 0.2 Stealth


You had 6 spell levels left.
You didn't know any spells.

Dungeon Overview and Level Annotations

Branches:
Dungeon (1/1)

Altars:


Innate Abilities, Weirdness & Mutations

You can spit globs of acid.
You are resistant to acid.
Your golden yellow scales are hard. (AC +6)
You cannot fit into any form of body armour.
You are cold-blooded and may be slowed by cold attacks.


Message History

The tyrant leech barely misses you.
You riposte.
You miss the tyrant leech.
The tyrant leech is moderately wounded.
You slash the tyrant leech!
The tyrant leech is heavily wounded.
You hit the tyrant leech. You tail-slap the tyrant leech!
The tyrant leech is severely wounded.
You are too berserk!
You are too berserk!
There is a staircase leading out of the dungeon here.
You feel a strong urge to attack something.
You are no longer berserk.
You are exhausted.
You feel yourself slow down.
You feel much better. The tyrant leech bites you!
The tyrant leech draws strength from your injuries!
The tyrant leech bites you!
* * * LOW HITPOINT WARNING * * *
The tyrant leech draws strength from your injuries!
You feel better. The tyrant leech bites you!!
You die...

## ## ##. $## ..
.. # .#. ### ##.
#†# #.##
#...##w###†.#
#÷.<@†.##'..#
#...##.###..#....#
##. ##'# .## ....
# ##..# ## ...
#..## ≈. ##.# ≈
##+# ≈z≈ #'''#


You could see a tyrant leech.

Vanquished Creatures
  A tyrant leech (D)
  4 necrophages (D)
  4 worker ants (D)
9 creatures vanquished.

Vanquished Creatures (others)
  Menkaure (D)
  A crocodile (D)
  A worm (D)
3 creatures vanquished.

Grand Total: 12 creatures vanquished

Notes
Turn   | Place    | Note
-------+----------+-------------------------------------------
     0 | D        | Kagutsuchi the Draconian Berserker began the quest for the Orb.
     0 | D        | Reached XP level 1. HP: 19/19 MP: 1/1
     1 | D        | Noticed a necrophage
     1 | D        | Noticed a necrophage
     1 | D        | Noticed a necrophage
     1 | D        | Noticed a necrophage
     7 | D        | Killed a necrophage
     7 | D        | Reached skill level 6 in Fighting
     7 | D        | Reached skill level 5 in Long Blades
     7 | D        | Reached skill level 5 in Dodging
     7 | D        | Reached XP level 2. HP: 31/31 MP: 2/2
     7 | D        | Reached XP level 3. HP: 38/38 MP: 3/3
     7 | D        | Reached XP level 4. HP: 45/45 MP: 4/4
    12 | D        | Killed a necrophage
    12 | D        | Reached skill level 7 in Fighting
    12 | D        | Reached XP level 5. HP: 52/52 MP: 5/5
    14 | D        | Killed a necrophage
    14 | D        | Reached ** piety under Trog
    14 | D        | Reached skill level 8 in Fighting
    21 | D        | Killed a necrophage
    21 | D        | Reached skill level 9 in Fighting
    21 | D        | Reached XP level 6. HP: 53/62 MP: 6/6
   155 | D        | Killed Menkaure
   188 | D        | Noticed a tyrant leech
   188 | D        | Noticed a tyrant leech
   209 | D        | Reached *** piety under Trog
   346 | D        | Noticed a flying skull
   346 | D        | Noticed a flying skull
   347 | D        | Noticed a flying skull
   347 | D        | Noticed a flying skull
   348 | D        | Noticed a flying skull
   368 | D        | Killed a tyrant leech
   368 | D        | Reached skill level 10 in Fighting
   368 | D        | Your scales start taking on a golden yellow colour.
   368 | D        | Reached XP level 7. HP: 71/71 MP: 7/7
   388 | D        | Mangled by a tyrant leech

Skill      XL: |  1  2  3  4  5  6 |
---------------+-------------------+-----
Fighting       | 6 7 9 10 | 10.1
Long Blades    | 5 6 8 9 |  9.8
Dodging        | 5 6 7 9 |  9.0
Stealth        | |  0.2

Action                   |  1- 3 |  4- 6 |  7- 9 || total
-------------------------+-------+-------+-------++-------
Melee: Falchion          |     5 |    51 |    16 ||    72
       Tailslap          |       |     8 |     1 ||     9
Invok: Berserk           |     1 |     1 |       ||     2
  Use: Potion            |       |       |     2 ||     2
Armor: Skin              |     1 |     5 |       ||     6
Dodge: Dodged            |     2 |    28 |     2 ||    32
       Rpst.: Falchion   |       |     8 |     1 ||     9
